SAA
PHOENIX HOTSPUR YOUTH @ MARQUETTE MINERS
08/15/2023
 
TOP OF THE 1ST
Phoenix Hotspur Youth batting - Pitching for Marquette Miners : LHP Ramiro García
Pitching: LHP Ramiro García
Batting: LHB Ricardo Peña 0-0: Ball
1-0: Ground out 5-3 (Groundball, 5)
Batting: RHB Keith Burnett 0-0: Ball
1-0: Ball
2-0: Foul Ball, location: 2F
2-1: Foul Ball, location: 2F
2-2: Ground out 1-3 (Groundball, 13S)
Batting: RHB Ed Sharp 0-0: Swinging Strike
0-1: Foul Ball, location: 2F
0-2: Strikes out looking
Top of the 1st over - 0 run(s), 0 hit(s), 0 error(s), 0 left on base; Phoenix Hotspur 0 - Marquette 0
BOTTOM OF THE 1ST
Marquette Miners batting - Pitching for Phoenix Hotspur Youth : RHP Gabriel Hernández
Pitching: RHP Gabriel Hernández
Batting: RHB Félix De La Hoya 0-0: Fly out, F8 (Flyball, 8RXD)
Batting: RHB José Vázquez 0-0: Foul Ball, location: 2F
0-1: Foul Ball, location: 2F
0-2: Strikes out swinging
Batting: RHB Ed Adams 0-0: Ball
1-0: Foul Ball, location: 2F
1-1: Foul Ball, location: 2F
1-2: Ball
2-2: Strikes out looking
Bottom of the 1st over - 0 run(s), 0 hit(s), 0 error(s), 0 left on base; Phoenix Hotspur 0 - Marquette 0
TOP OF THE 2ND
Phoenix Hotspur Youth batting - Pitching for Marquette Miners : LHP Ramiro García
Batting: RHB Alex Niemann 0-0: Ball
1-0: Ball
2-0: Foul Ball, location: 2F
2-1: SINGLE (Groundball, 13) (infield hit)
Batting: RHB Javier González 0-0: Foul Ball, location: 2F
0-1: Fielders Choice at 2nd, 5-4 (Groundball, 5L)
Batting: LHB Shojiro Ueda 0-0: Ball
1-0: DOUBLE (Flyball, 78D)
Javier González to third
Batting: RHB Shohei Kiyomizu 0-0: Ball
1-0: Ground out 5-3 (Groundball, 5)
Batting: RHB Dan Perkins 0-0: SINGLE (Flyball, 8RS)
Javier González scores
Shojiro Ueda to third
Runner from 3rd tries for Home, SAFE, no throw or cutoff
Batting: RHB Larry Bryant 0-0: Ground out 6-3 (Groundball, 6)
Top of the 2nd over - 2 run(s), 3 hit(s), 0 error(s), 1 left on base; Phoenix Hotspur 2 - Marquette 0
BOTTOM OF THE 2ND
Marquette Miners batting - Pitching for Phoenix Hotspur Youth : RHP Gabriel Hernández
Batting: RHB Carlos Trujillo 0-0: Ball
1-0: Ball
2-0: Fly out, F8 (Flyball, 8RS)
Batting: RHB Alfredo Martínez 0-0: Called Strike
0-1: Called Strike
0-2: Ground out 5-3 (Groundball, 5)
Batting: RHB Rocky Cantrell 0-0: Fly out, F6 (Popup, 56)
Bottom of the 2nd over - 0 run(s), 0 hit(s), 0 error(s), 0 left on base; Phoenix Hotspur 2 - Marquette 0
TOP OF THE 3RD
Phoenix Hotspur Youth batting - Pitching for Marquette Miners : LHP Ramiro García
Batting: LHB Ricardo Peña 0-0: Ball
1-0: Ball
2-0: Called Strike
2-1: Ground out 4-3 (Groundball, 4)
Batting: RHB Keith Burnett 0-0: Ball
1-0: Ball
2-0: Ball
3-0: Base on Balls
Batting: RHB Ed Sharp 0-0: Called Strike
0-1: Ball
1-1: Foul Ball, location: 2F
1-2: DOUBLE (Line Drive, 6M)
Keith Burnett to third
Runner from 3rd tries for Home, SAFE, no throw or cutoff
Batting: RHB Alex Niemann 0-0: Ball
1-0: SINGLE (Line Drive, 7LS)
Ed Sharp to third
Batting: RHB Javier González 0-0: Ball
1-0: Fly out, F9 (Line Drive, 9M)
Batting: LHB Shojiro Ueda 0-0: Called Strike
0-1: Swinging Strike
0-2: Fly out, F7 (Line Drive, 7M)
Top of the 3rd over - 1 run(s), 2 hit(s), 0 error(s), 2 left on base; Phoenix Hotspur 3 - Marquette 0
BOTTOM OF THE 3RD
Marquette Miners batting - Pitching for Phoenix Hotspur Youth : RHP Gabriel Hernández
Batting: RHB Dave Moulin 0-0: Ground out U3 (Groundball, 3)
Batting: RHB Ken Little 0-0: Foul Ball, location: 2F
0-1: Ball
1-1: Called Strike
1-2: Strikes out swinging
Batting: SHB Dylan Carson 0-0: Ground out 3-1 (Groundball, 34)
Bottom of the 3rd over - 0 run(s), 0 hit(s), 0 error(s), 0 left on base; Phoenix Hotspur 3 - Marquette 0
TOP OF THE 4TH
Phoenix Hotspur Youth batting - Pitching for Marquette Miners : LHP Ramiro García
Batting: RHB Shohei Kiyomizu 0-0: Ground out 6-3 (Groundball, 6M)
Batting: RHB Dan Perkins 0-0: Foul Ball, location: 2F
0-1: Ball
1-1: Ball
2-1: Fly out, F8 (Flyball, 8RM)
Batting: RHB Larry Bryant 0-0: Ball
1-0: Foul Ball, location: 2F
1-1: SINGLE (Line Drive, 3D)
Batting: LHB Ricardo Peña 0-0: Called Strike
0-1: Ball
1-1: Ground out 4-3 (Groundball, 4)
Top of the 4th over - 0 run(s), 1 hit(s), 0 error(s), 1 left on base; Phoenix Hotspur 3 - Marquette 0
BOTTOM OF THE 4TH
Marquette Miners batting - Pitching for Phoenix Hotspur Youth : RHP Gabriel Hernández
Batting: RHB Félix De La Hoya 0-0: Fly out, F8 (Flyball, 8RM)
Batting: RHB José Vázquez 0-0: Called Strike
0-1: Ball
1-1: Ball
2-1: Swinging Strike
2-2: Foul Ball, location: 2F
2-2: Strikes out swinging
Batting: RHB Ed Adams 0-0: Foul Ball, location: 2F
0-1: Foul Ball, location: 2F
0-2: Ball
1-2: Ball
2-2: Strikes out looking
Bottom of the 4th over - 0 run(s), 0 hit(s), 0 error(s), 0 left on base; Phoenix Hotspur 3 - Marquette 0
TOP OF THE 5TH
Phoenix Hotspur Youth batting - Pitching for Marquette Miners : LHP Ramiro García
Batting: RHB Keith Burnett 0-0: Ball
1-0: Called Strike
1-1: Foul Ball, location: 2F
1-2: Foul Ball, location: 2F
1-2: Ball
2-2: Ball
3-2: Ground out 6-3 (Groundball, 6M)
Batting: RHB Ed Sharp 0-0: Ball
1-0: Ground out 5-3 (Groundball, 56S)
Batting: RHB Alex Niemann 0-0: Fly out, F4 (Popup, 4D)
Top of the 5th over - 0 run(s), 0 hit(s), 0 error(s), 0 left on base; Phoenix Hotspur 3 - Marquette 0
BOTTOM OF THE 5TH
Marquette Miners batting - Pitching for Phoenix Hotspur Youth : RHP Gabriel Hernández
Batting: RHB Carlos Trujillo 0-0: Ball
1-0: Swinging Strike
1-1: Fly out, F8 (Line Drive, 8RM)
Batting: RHB Alfredo Martínez 0-0: Called Strike
0-1: Called Strike
0-2: Ball
1-2: Ball
2-2: Strikes out swinging
Batting: RHB Rocky Cantrell 0-0: Ball
1-0: Ball
2-0: Swinging Strike
2-1: Called Strike
2-2: Ball
3-2: Strikes out swinging
Bottom of the 5th over - 0 run(s), 0 hit(s), 0 error(s), 0 left on base; Phoenix Hotspur 3 - Marquette 0
TOP OF THE 6TH
Phoenix Hotspur Youth batting - Pitching for Marquette Miners : LHP Ramiro García
Batting: RHB Javier González 0-0: Ground out 5-3 (Groundball, 5)
Batting: LHB Shojiro Ueda 0-0: Ball
1-0: Ball
2-0: SOLO HOME RUN (Line Drive, 9LD), Distance : 360 ft
Batting: RHB Shohei Kiyomizu 0-0: Ball
1-0: Ball
2-0: DOUBLE (Line Drive, 5L)
Batting: RHB Dan Perkins 0-0: Ball
1-0: Foul Ball, location: 2F
1-1: Fly out, F8 (Flyball, 8LXD)
Runner from 2nd tags up, SAFE at 3rd, no throw
Batting: RHB Larry Bryant 0-0: Ball
1-0: Ball
2-0: Swinging Strike
2-1: Called Strike
2-2: Ball
3-2: Fly out, F7 (Flyball, 7M)
Top of the 6th over - 1 run(s), 2 hit(s), 0 error(s), 1 left on base; Phoenix Hotspur 4 - Marquette 0
BOTTOM OF THE 6TH
Marquette Miners batting - Pitching for Phoenix Hotspur Youth : RHP Gabriel Hernández
Batting: RHB Dave Moulin 0-0: Ball
1-0: SINGLE (Line Drive, 4MD)
Batting: RHB Ken Little 0-0: Called Strike
0-1: Ball
1-1: Ball
2-1: Grounds into double play, 4-6-3 (Groundball, 4)
Batting: SHB Dylan Carson 0-0: Ball
1-0: Called Strike
1-1: Ground out U3 (Groundball, 3L)
Bottom of the 6th over - 0 run(s), 1 hit(s), 0 error(s), 0 left on base; Phoenix Hotspur 4 - Marquette 0
TOP OF THE 7TH
Phoenix Hotspur Youth batting - Pitching for Marquette Miners : LHP Ramiro García
Batting: LHB Ricardo Peña 0-0: Swinging Strike
0-1: Swinging Strike
0-2: Ball
1-2: Foul Ball, location: 2F
1-2: Strikes out swinging
Batting: RHB Keith Burnett 0-0: Ball
1-0: Foul Ball, location: 2F
1-1: Called Strike
1-2: Ball
2-2: Ground out 5-3 (Groundball, 56S)
Batting: RHB Ed Sharp 0-0: Called Strike
0-1: Ball
1-1: Ball
2-1: Ground out 1-3 (Groundball, 13S)
Top of the 7th over - 0 run(s), 0 hit(s), 0 error(s), 0 left on base; Phoenix Hotspur 4 - Marquette 0
BOTTOM OF THE 7TH
Marquette Miners batting - Pitching for Phoenix Hotspur Youth : RHP Gabriel Hernández
Batting: RHB Félix De La Hoya 0-0: Ball
1-0: Called Strike
1-1: Foul Ball, location: 2F
1-2: Foul Ball, location: 2F
1-2: Ground out 6-3 (Groundball, 6)
Batting: RHB José Vázquez 0-0: Ball
1-0: Ball
2-0: Ball
3-0: Called Strike
3-1: Fly out, F3 (Popup, 4MS)
Batting: RHB Ed Adams 0-0: Ground out 6-3 (Groundball, 6)
Bottom of the 7th over - 0 run(s), 0 hit(s), 0 error(s), 0 left on base; Phoenix Hotspur 4 - Marquette 0
TOP OF THE 8TH
Phoenix Hotspur Youth batting - Pitching for Marquette Miners : LHP Ramiro García
Batting: RHB Alex Niemann 0-0: Called Strike
0-1: Foul Ball, location: 2F
0-2: Ball
1-2: Ball
2-2: Foul Ball, location: 2F
2-2: Fly out, F8 (Flyball, 8RS)
Batting: RHB Javier González 0-0: Swinging Strike
0-1: Ball
1-1: Called Strike
1-2: Strikes out swinging
Batting: LHB Shojiro Ueda 0-0: Ball
1-0: Fly out, F6 (Popup, 9LSF)
Top of the 8th over - 0 run(s), 0 hit(s), 0 error(s), 0 left on base; Phoenix Hotspur 4 - Marquette 0
BOTTOM OF THE 8TH
Marquette Miners batting - Pitching for Phoenix Hotspur Youth : RHP Gabriel Hernández
Batting: RHB Carlos Trujillo 0-0: Foul Ball, location: 2F
0-1: Ball
1-1: Ball
2-1: Called Strike
2-2: Ball
3-2: Strikes out swinging
Batting: RHB Alfredo Martínez 0-0: Called Strike
0-1: Foul Ball, location: 2F
0-2: Foul Ball, location: 2F
0-2: Ball
1-2: Foul Ball, location: 2F
1-2: Ball
2-2: Foul Ball, location: 2F
2-2: Foul Ball, location: 2F
2-2: Foul Ball, location: 2F
2-2: Foul Ball, location: 2F
2-2: Ball
3-2: SINGLE (Line Drive, 4MD)
Batting: RHB Rocky Cantrell 0-0: Ball
1-0: Called Strike
1-1: Fly out, F9 (Popup, 9LS)
Batting: RHB Dave Moulin 0-0: Ball
1-0: Ball
2-0: Foul Ball, location: 2F
2-1: Foul Ball, location: 2F
2-2: Foul Ball, location: 2F
2-2: Ball
3-2: Foul Ball, location: 2F
3-2: Foul Ball, location: 2F
3-2: Base on Balls
Alfredo Martínez to second
Pitching: RHP Jim Unknown
Batting: RHB Ken Little 0-0: Called Strike
0-1: Ball
1-1: Ball
2-1: Ball
3-1: Foul Ball, location: 2F
3-2: Base on Balls
Alfredo Martínez to third
Dave Moulin to second
Batting: SHB Dylan Carson 0-0: Called Strike
0-1: Ball
1-1: Foul Ball, location: 2F
1-2: Foul Ball, location: 2F
1-2: Strikes out swinging
Bottom of the 8th over - 0 run(s), 1 hit(s), 0 error(s), 3 left on base; Phoenix Hotspur 4 - Marquette 0
TOP OF THE 9TH
Phoenix Hotspur Youth batting - Pitching for Marquette Miners : LHP Ramiro García
Pitching: LHP José Tovar
Batting: RHB Shohei Kiyomizu 0-0: Ball
1-0: Called Strike
1-1: Foul Ball, location: 2F
1-2: Strikes out looking
Batting: RHB Dan Perkins 0-0: SINGLE (Line Drive, 4M)
Batting: RHB Larry Bryant 0-0: Foul Ball, location: 2F
0-1: Called Strike
0-2: Strikes out looking
Batting: LHB Ricardo Peña 0-0: Ball
1-0: Ball
2-0: Fly out, F6 (Popup, 6)
Top of the 9th over - 0 run(s), 1 hit(s), 0 error(s), 1 left on base; Phoenix Hotspur 4 - Marquette 0
BOTTOM OF THE 9TH
Marquette Miners batting - Pitching for Phoenix Hotspur Youth : RHP Jim Unknown
Batting: RHB Félix De La Hoya 0-0: SINGLE (Line Drive, 6D)
Batting: RHB José Vázquez 0-0: Ball
1-0: Called Strike
1-1: Foul Ball, location: 2F
1-2: Ball
2-2: Ground out 5-3 (Groundball, 56S)
Félix De La Hoya to second
Batting: RHB Ed Adams 0-0: Ground out 5-3 (Groundball, 56)
Batting: RHB Carlos Trujillo 0-0: Swinging Strike
0-1: Swinging Strike
0-2: Ball
1-2: Strikes out looking
Bottom of the 9th over - 0 run(s), 1 hit(s), 0 error(s), 1 left on base; Phoenix Hotspur 4 - Marquette 0
This league is powered by Out of the Park Baseball, the baseball management simulation game for PC, Mac and Linux
Friday, July 8th, 2016 - OOTP Baseball 16.9 Build 39